[Event "Titled Tuesday Blitz March 07 Early 2023"]
[White "Grunberg, Mihai-Lucian"]
[Black "Kamsky, Gata"]
[WhiteFideId "1204149"]
[BlackFideId "2000024"]
[WhiteElo "2363"]
[BlackElo "2666"]
[Result "0-1"]
[Round "01"]
[TimeControl "180+2"]
[Date "2023.03.07"]
[WhiteClock "0:00:51"]
[BlackClock "0:01:22"]

1. Nf3 Nf6 2. c4 g6 3. g3 Bg7 4. Bg2 c6 5. O-O O-O 6. d4 d5 7. cxd5 cxd5 8. Ne5 e6 9. Nc3 Nfd7 10. f4 Nc6 11. e3 Ne7 12. b3 f6 13. Nd3 a6 14. a4 b6 15. Ba3 Rf7 16. Qd2 Bb7 17. Rfc1 Bf8 18. a5 b5 19. b4 f5 20. Ne2 Nf6 21. Nc5 Bc8 22. Rc2 Ne4 23. Nxe4 dxe4 24. Nc1 Bb7 25. Nb3 Bd5 26. Nc5 Nc8 27. Rac1 Nd6 28. Bf1 g5 29. Bb2 Rg7 30. Kh1 h5 31. Be2 h4 32. Rg1 hxg3 33. hxg3 gxf4 34. Bf1 fxg3 35. Qg2 0-1


[Site "https://www.chess.com"]

[Event "Titled Tuesday Blitz March 07 Early 2023"]
[White "Demchenko, Anton"]
[Black "Eynullayev, Atilla"]
[WhiteFideId "4160258"]
[BlackFideId "13413570"]
[WhiteElo "2545"]
[BlackElo "2181"]
[Result "1-0"]
[Round "01"]
[TimeControl "180+2"]
[Date "2023.03.07"]
[WhiteClock "0:00:45"]
[BlackClock "0:00:08"]

1. e4 c5 2. Nc3 e6 3. g3 d5 4. exd5 exd5 5. d4 cxd4 6. Qxd4 Be6 7. Bg2 Nc6 8. Qa4 Bb4 9. Ne2 a6 10. a3 b5 11. Qb3 Ba5 12. O-O Nge7 13. Nf4 Nd4 14. Qa2 Nxc2 15. b4 Nxa1 16. bxa5 Qxa5 17. Qxa1 b4 18. Nce2 bxa3 19. Bxa3 Ng6 20. Rd1 Rd8 21. Nd4 Nxf4 22. gxf4 Kd7 23. f5 1-0


[Site "https://www.chess.com"]

[Event "Titled Tuesday Blitz March 07 Early 2023"]
[White "Mortazavi, Ali"]
[Black "Keymer, Vincent"]
[WhiteFideId "401323"]
[BlackFideId "12940690"]
[WhiteElo "2339"]
[BlackElo "2651"]
[Result "0-1"]
[Round "01"]
[TimeControl "180+2"]
[Date "2023.03.07"]
[WhiteClock "0:00:10"]
[BlackClock "0:00:20"]

1. Nf3 d5 2. g3 c6 3. Bg2 Bg4 4. O-O Nd7 5. d3 Ngf6 6. c4 dxc4 7. dxc4 h6 8. b3 e5 9. h3 Be6 10. Bb2 Qc7 11. Nc3 Rd8 12. Qc2 Bc5 13. Nh4 O-O 14. Rad1 Rfe8 15. Kh2 a5 16. e3 Bf8 17. Ne4 Nxe4 18. Bxe4 Nc5 19. Bh7+ Kh8 20. f4 e4 21. Bf5 Bxf5 22. Nxf5 Kg8 23. Be5 Qc8 24. g4 Nd3 25. Ba1 f6 26. Rg1 Qe6 27. Rg2 Kf7 28. Rdg1 Rd7 29. Nd4 Qd6 30. Nf5 Qc7 31. Kh1 g6 32. Qc3 Qd8 33. Nh4 Bb4 34. Qc2 Ne1 35. Rxe1 Bxe1 36. f5 Bxh4 37. fxg6+ Kxg6 38. Rg1 Rd2 39. Qc1 Qd3 40. Rf1 Qe2 0-1


[Site "https://www.chess.com"]

[Event "Titled Tuesday Blitz March 07 Early 2023"]
[White "Steinberg, Nitzan"]
[Black "Walentukiewicz, Michal"]
[WhiteFideId "2801795"]
[BlackFideId "1126903"]
[WhiteElo "2486"]
[BlackElo "2028"]
[Result "1-0"]
[Round "01"]
[TimeControl "180+2"]
[Date "2023.03.07"]
[WhiteClock "0:01:04"]
[BlackClock "0:00:50"]

1. d4 Nf6 2. Nf3 c5 3. d5 d6 4. Nc3 g6 5. e4 Bg7 6. a4 O-O 7. Bc4 Na6 8. h3 Nc7 9. O-O e6 10. Re1 exd5 11. exd5 h6 12. Bf4 g5 13. Nxg5 hxg5 14. Bxg5 Bf5 15. Qf3 Bxc2 16. Re2 Bg6 17. Rae1 Re8 18. g4 Rxe2 19. Rxe2 a6 20. a5 Nb5 21. Bxb5 axb5 22. h4 Rxa5 23. h5 b4 24. Ne4 Bxe4 25. Rxe4 Ra1+ 26. Kg2 Bh8 27. h6 b5 28. Qf5 Ra8 29. h7+ Kf8 30. Bh6+ 1-0


[Site "https://www.chess.com"]

[Event "Titled Tuesday Blitz March 07 Early 2023"]
[White "Bruned, Yvain"]
[Black "Bluebaum, Matthias"]
[WhiteFideId "2250292"]
[BlackFideId "24651516"]
[WhiteElo "2183"]
[BlackElo "2638"]
[Result "0-1"]
[Round "01"]
[TimeControl "180+2"]
[Date "2023.03.07"]
[WhiteClock "0:01:02"]
[BlackClock "0:01:02"]

1. b3 d5 2. Bb2 c5 3. e3 a6 4. Nf3 Nc6 5. Be2 Bg4 6. O-O e6 7. d4 Bxf3 8. Bxf3 cxd4 9. Bxd4 Nxd4 10. exd4 Nf6 11. c4 Rc8 12. c5 Be7 13. Nc3 O-O 14. Re1 Qa5 15. Na4 Bd8 16. a3 Nd7 17. b4 Qc7 18. Rc1 Bf6 19. Qd2 Nb8 20. Nb6 Rcd8 21. a4 Nc6 22. Be2 Nxd4 23. Bd3 g6 24. Qe3 Bg7 25. Bb1 Rfe8 26. Ba2 Nf5 27. Qd3 Qf4 28. g3 Qxb4 29. Qb3 Qxb3 30. Bxb3 Nd4 31. Bd1 Re7 32. a5 Rc7 33. f4 Nc6 34. Ra1 Bxa1 0-1


[Site "https://www.chess.com"]

[Event "Titled Tuesday Blitz March 07 Early 2023"]
[White "Gholami Orimi, Mahdi"]
[Black "Rottenwohrer Suarez, Juan"]
[WhiteFideId "12558486"]
[BlackFideId "32068182"]
[WhiteElo "2363"]
[BlackElo "2174"]
[Result "1-0"]
[Round "01"]
[TimeControl "180+2"]
[Date "2023.03.07"]
[WhiteClock "0:00:33"]
[BlackClock "0:00:02"]

1. d4 Nf6 2. c4 g6 3. f3 d6 4. e4 Bg7 5. Nc3 c6 6. Nge2 a6 7. h4 h5 8. Bg5 b5 9. Nf4 Nbd7 10. Qd2 Bb7 11. a3 Qa5 12. b4 Qc7 13. Rc1 e5 14. Nh3 Qb6 15. c5 dxc5 16. dxc5 Qc7 17. Rd1 O-O 18. Qd6 Rfc8 19. Be2 a5 20. Kf2 axb4 21. axb4 Ra3 22. Qd2 Nf8 23. Qb2 Rca8 24. Rd6 Ne6 25. Rhd1 Nh7 26. Rd7 Qc8 27. Rd8+ Nxd8 28. Rxd8+ Nf8 29. Rxc8 Bxc8 30. Bc1 R3a7 31. Ng5 Ne6 32. Nxe6 Bxe6 33. Bd1 Ra2 34. Nxa2 Rxa2 35. g4 Rxb2+ 36. Bxb2 hxg4 37. fxg4 f5 38. exf5 gxf5 39. g5 Bd5 40. h5 f4 41. h6 Bh8 42. g6 Bf6 43. Bg4 Be4 44. Be6+ Kh8 45. g7+ Bxg7 46. hxg7+ Kxg7 47. Bxe5+ Kf8 48. Bxf4 Ke7 49. Bb3 Bd3 50. Ke3 Bf5 51. Kd4 Kd7 52. Ke5 Bg4 53. Bg5 Bh3 54. Bc2 Kc7 55. Bf5 Bf1 56. Ke6 Bc4+ 57. Ke7 Bd5 58. Bf4+ Kb7 59. Kd8 Bf3 60. Bc8+ Ka7 61. Kc7 Be4 62. Bd7 Bd5 63. Kc8 Ka6 64. Bc7 Ka7 65. Bb6+ Ka6 66. Kc7 Be4 67. Bc8# 1-0


[Site "https://www.chess.com"]

[Event "Titled Tuesday Blitz March 07 Early 2023"]
[White "Rengifo Blancas, Renzo Jhonathan"]
[Black "Sjugirov, Sanan"]
[WhiteFideId "3807185"]
[BlackFideId "4189302"]
[WhiteElo "2085"]
[BlackElo "2569"]
[Result "0-1"]
[Round "01"]
[TimeControl "180+2"]
[Date "2023.03.07"]
[WhiteClock "0:00:20"]
[BlackClock "0:00:12"]

1. e4 c5 2. c3 Nf6 3. e5 Nd5 4. d4 cxd4 5. Nf3 d6 6. cxd4 e6 7. a3 Be7 8. Bd3 Bd7 9. O-O Bc6 10. Qe2 Nd7 11. Nc3 dxe5 12. dxe5 Nxc3 13. bxc3 Qa5 14. Bd2 Rd8 15. c4 Qc7 16. Bc3 Bxf3 17. gxf3 Bg5 18. Rad1 O-O 19. f4 Be7 20. Kh1 Nc5 21. Be4 Nxe4 22. Qxe4 g6 23. Bb4 b6 24. Kg2 Bc5 25. h4 a5 26. Bxc5 Qxc5 27. a4 Qb4 28. Qc6 Rc8 29. Qb5 Rxc4 30. Rb1 Qxb5 31. Rxb5 Rxf4 32. Ra1 Rxh4 33. Rxb6 Rc8 34. Rb5 Rf4 35. Kg3 g5 36. Ra3 Ra8 37. Rb7 Kg7 38. f3 h5 39. Kg2 h4 40. Kh3 Kg6 41. Rb5 Kf5 42. Kg2 g4 43. fxg4+ Kxg4 44. Kh2 Rc8 45. Rb2 Rcc4 46. Rg2+ Kf5 47. Rg7 Kxe5 48. Re3+ Kf6 49. Rh7 Rxa4 50. Rd3 Rad4 51. Rc3 a4 52. Rc7 Kg6 53. Rh8 a3 54. Rg8+ Kf6 55. Rc2 Rb4 56. Rgg2 Rf3 57. Ra2 Rfb3 58. Rgf2+ Ke7 59. Rac2 Rb2 60. Rc7+ Kd6 61. Rxf7 Rxf2+ 62. Rxf2 Rb2 63. Kh3 Rxf2 64. Kg4 Rb2 65. Kh3 a2 66. Kg4 a1=Q 67. Kh3 Qa3+ 68. Kg4 Rb4+ 69. Kh5 Qf3+ 70. Kh6 Rg4 71. Kh5 Qf5+ 72. Kh6 Qg6# 0-1


[Site "https://www.chess.com"]

[Event "Titled Tuesday Blitz March 07 Early 2023"]
[White "Vokhidov, Shamsiddin"]
[Black "Mohammed, Dilshad"]
[WhiteFideId "14204223"]
[BlackFideId "5050421"]
[WhiteElo "2570"]
[BlackElo "2112"]
[Result "1-0"]
[Round "01"]
[TimeControl "180+2"]
[Date "2023.03.07"]
[WhiteClock "0:02:41"]
[BlackClock "0:01:42"]

1. e4 e5 2. Nf3 Nc6 3. Nc3 Nf6 4. a3 d5 5. Bb5 dxe4 6. Nxe5 Bd7 7. Bxc6 Bxc6 8. O-O Bd6 9. Nxc6 bxc6 10. Re1 O-O 11. Nxe4 Nd5 12. d3 Re8 13. Bd2 Rb8 14. Rb1 h6 15. Qg4 Nf6 16. Nxf6+ Qxf6 17. Bc3 Be5 18. Rxe5 Rxe5 19. f4 Rg5 20. fxg5 1-0


[Site "https://www.chess.com"]

[Event "Titled Tuesday Blitz March 07 Early 2023"]
[White "ArchibaldCerveza29"]
[Black "Ibarra Jerez, Jose Carlos"]
[BlackFideId "2226332"]
[WhiteElo "2465"]
[BlackElo "2638"]
[Result "0-1"]
[Round "01"]
[TimeControl "180+2"]
[Date "2023.03.07"]
[WhiteClock "0:00:10"]
[BlackClock "0:01:21"]

1. e4 c5 2. Nf3 e6 3. d4 cxd4 4. Nxd4 Bc5 5. Nb3 Bb6 6. Be2 Ne7 7. O-O O-O 8. Nc3 f5 9. Kh1 f4 10. a4 Nbc6 11. a5 Nxa5 12. Nxa5 Bxa5 13. Nb5 d5 14. exd5 Nxd5 15. c4 a6 16. cxd5 axb5 17. dxe6 Qxd1 18. Rxd1 Bxe6 19. Bxb5 Bb3 20. Rd4 Bb6 21. Rxa8 Rxa8 22. Rxf4 Ra1 23. Bc4+ Bxc4 24. Rxc4 Bxf2 25. Rc8+ Kf7 26. Rc3 Be3 27. Rc7+ Ke6 28. g3 Rxc1+ 29. Rxc1 Bxc1 0-1


[Site "https://www.chess.com"]

[Event "Titled Tuesday Blitz March 07 Early 2023"]
[White "Yilmaz, Mustafa"]
[Black "Hernandez Sanchez, Elvis De La Caridad"]
[WhiteFideId "6302718"]
[BlackFideId "6400353"]
[WhiteElo "2523"]
[BlackElo "2462"]
[Result "1-0"]
[Round "01"]
[TimeControl "180+2"]
[Date "2023.03.07"]
[WhiteClock "0:00:54"]
[BlackClock "0:00:43"]

1. d4 Nf6 2. c4 g6 3. Nc3 Bg7 4. e4 d6 5. Nf3 O-O 6. Be2 e5 7. O-O Nc6 8. d5 Ne7 9. b4 Nh5 10. g3 f5 11. Ng5 Nf6 12. Bf3 c6 13. Rb1 h6 14. Ne6 Bxe6 15. dxe6 fxe4 16. Nxe4 Nxe4 17. Bxe4 Rf6 18. b5 Rxe6 19. bxc6 bxc6 20. Rb7 Kh8 21. Ba3 d5 22. Bxe7 Rxe7 23. Rxe7 Qxe7 24. cxd5 cxd5 25. Qxd5 Rd8 26. Qb3 Qd6 27. Rc1 g5 28. Qf7 Qf6 29. Qxa7 Rf8 30. Rc6 Qd8 31. Rxh6+ 1-0


[Site "https://www.chess.com"]

[Event "Titled Tuesday Blitz March 07 Early 2023"]
[White "Bozorov, Makhsum"]
[Black "Mitrabha, Guha"]
[WhiteFideId "14201330"]
[BlackFideId "5057000"]
[WhiteElo "2462"]
[BlackElo "2507"]
[Result "0-1"]
[Round "01"]
[TimeControl "180+2"]
[Date "2023.03.07"]
[WhiteClock "0:00:04"]
[BlackClock "0:01:56"]

1. e4 Nc6 2. Nf3 e5 3. Nc3 Bc5 4. Nxe5 Nxe5 5. d4 Bd6 6. dxe5 Bxe5 7. Bd3 Ne7 8. O-O O-O 9. Bd2 g6 10. f4 Bd4+ 11. Kh1 d6 12. f5 Nc6 13. Bh6 Re8 14. Bc4 gxf5 15. Qh5 Bxc3 16. Qxf7+ Kh8 17. bxc3 Rg8 18. Qxg8+ Qxg8 19. Bxg8 Kxg8 20. exf5 Kf7 21. Rae1 Bd7 22. g4 Rg8 23. h3 Ne5 24. Bf4 Bc6+ 25. Kh2 Nf3+ 26. Rxf3 Bxf3 27. Kg3 Bc6 28. Bd2 Ba4 29. Kf4 Bxc2 30. Be3 Re8 31. Bf2 Ra8 32. h4 a5 33. g5 a4 34. f6 Kg6 35. a3 Ra5 36. Re7 Rf5+ 37. Kg3 h6 38. Rg7+ Kh5 39. Be3 hxg5 40. hxg5 Be4 41. f7 Rf3+ 42. Kh2 Kg4 43. Bd4 Rf1 44. Bg1 Rf3 45. Bd4 c5 46. g6 cxd4 47. Rg8 Rh3+ 48. Kg1 Kg3 49. Kf1 Bd3+ 50. Ke1 dxc3 51. f8=Q Rh1+ 0-1


[Site "https://www.chess.com"]

[Event "Titled Tuesday Blitz March 07 Early 2023"]
[White "Talibov, Shiroghlan"]
[Black "Abdilkhair, Abilmansur"]
[WhiteFideId "13429078"]
[BlackFideId "13716417"]
[WhiteElo "2218"]
[BlackElo "2216"]
[Result "1-0"]
[Round "01"]
[TimeControl "180+2"]
[Date "2023.03.07"]
[WhiteClock "0:00:55"]
[BlackClock "0:00:07"]

1. Nf3 Nf6 2. c4 e6 3. Nc3 d5 4. d4 Be7 5. Bf4 O-O 6. e3 c6 7. Bd3 dxc4 8. Bxc4 b5 9. Be2 Bb7 10. O-O a6 11. a4 Nbd7 12. Ne5 Nxe5 13. Bxe5 b4 14. Na2 c5 15. dxc5 Bxc5 16. Rc1 Rc8 17. Bf3 Qxd1 18. Rfxd1 Bxf3 19. gxf3 Nd5 20. e4 b3 21. exd5 bxa2 22. Ra1 Rfd8 23. dxe6 fxe6 24. Rxd8+ Rxd8 25. Bc3 Kf7 26. Kg2 g6 27. Rxa2 Rd1 28. b4 Ba7 29. b5 Rc1 30. Bd2 Rc4 31. bxa6 Rc6 32. Be3 Rxa6 33. Bxa7 Rxa7 34. a5 Ra6 35. Kg3 g5 36. f4 h6 37. fxg5 hxg5 38. Kf3 Kf6 39. Ke4 Kg6 40. Kd4 Kf5 41. Kc5 Kf4 42. Ra3 e5 43. Kb5 Rh6 44. h3 e4 45. a6 Rh7 46. a7 Rxa7 47. Rxa7 Kf3 48. Rf7+ Kg2 49. Kc4 Kxh3 50. Kd4 g4 51. Kxe4 g3 52. Rh7+ Kg2 53. fxg3 Kf2 54. g4 Kg3 55. g5 Kg4 56. g6 Kg5 57. g7 Kg6 58. g8=Q+ 1-0


[Site "https://www.chess.com"]

[Event "Titled Tuesday Blitz March 07 Early 2023"]
[White "Dudzinski, Pawel"]
[Black "Drygalov, Sergey"]
[WhiteFideId "1117890"]
[BlackFideId "24171743"]
[WhiteElo "2099"]
[BlackElo "2533"]
[Result "1/2-1/2"]
[Round "01"]
[TimeControl "180+2"]
[Date "2023.03.07"]
[WhiteClock "0:00:13"]
[BlackClock "0:00:16"]

1. e4 c5 2. c4 Nc6 3. Nc3 g6 4. g3 Bg7 5. Bg2 d6 6. Rb1 Nf6 7. Nge2 O-O 8. a3 Nd4 9. b4 Bg4 10. O-O b6 11. f3 Bd7 12. d3 e6 13. Nxd4 cxd4 14. Ne2 a5 15. Nxd4 axb4 16. axb4 Ra2 17. Be3 Qa8 18. Ra1 Qa3 19. Rxa2 Qxa2 20. Qb3 Ra8 21. Qxa2 Rxa2 22. b5 h5 23. Nc6 Ne8 24. Bxb6 Bxc6 25. bxc6 Ra6 26. c7 Ra8 27. e5 dxe5 28. f4 Rc8 29. Bb7 Rxc7 30. Bxc7 Nxc7 31. fxe5 Bxe5 32. Kg2 Bd4 33. Rb1 Kg7 34. Bf3 Na6 35. h4 Nc5 36. Be2 Kf6 37. Rb8 Bc3 38. Rd8 Nb3 39. Bd1 Nd4 40. Ba4 Nf5 41. Rd7 Be5 42. Ra7 Bxg3 43. Be8 Bxh4 44. Rxf7+ Ke5 45. Rh7 Ne3+ 46. Kf3 Bg5 47. Bxg6 Nc2 48. Bxh5 Nd4+ 49. Kg4 Be3 50. Bf7 Kf6 51. Bg8 Nf5 52. Rf7+ Ke5 53. Kf3 Bc5 54. Rb7 Nd4+ 55. Kg2 Nf5 56. Rb8 Bd6 57. Re8 Ng7 58. Ra8 Nf5 59. Kf3 Nd4+ 60. Ke3 Nf5+ 61. Kd2 Bb4+ 62. Kc2 Nd4+ 63. Kb2 Bc5 64. Ra6 Kf5 65. Ra8 Ke5 66. Re8 Kd6 67. Kc3 Ne2+ 68. Kd2 Nd4 69. Rd8+ Ke5 70. Ra8 Kd6 71. Kd1 Ke5 72. Ra2 Kd6 73. Rh2 Nf5 74. Rh5 Bd4 75. Bh7 Ne3+ 76. Ke2 Ng4 77. Rg5 Nf6 78. Be4 Be5 79. Rg2 Nd7 80. Rg1 Nc5 81. Rd1 Nb3 82. Rc1 Nd4+ 83. Kd1 Bf4 84. Rb1 Be5 85. Rb6+ Kc5 86. Ra6 Kb4 87. Kd2 Nb3+ 88. Ke3 Bd4+ 89. Kf3 Nc5 90. Rb6+ Kc3 91. Rc6 e5 92. Kg4 Nb3 93. Kf5 Kb4 94. Re6 Bc3 95. Rxe5 Bxe5 96. Kxe5 Kc5 97. Ke6 Nd4+ 98. Ke5 Nb3 99. Bd5 Nd4 100. Bg2 Nc2 101. Bf3 Nd4 102. Bd1 Nc6+ 103. Ke6 Nd4+ 104. Ke5 Nc6+ 105. Ke4 Nd4 106. Bh5 Nb3 107. Be8 Nd4 108. Bf7 Nb3 109. Ke3 Nd4 110. Ke4 Nc2 111. Bh5 Nd4 112. Bd1 Ne6 113. Ba4 Nd4 114. Bd7 Nb3 115. Ke3 Nd4 116. Kd2 Nf3+ 117. Kc3 Nd4 118. Bc8 Nc6 119. Bh3 Nd4 120. Bg2 Ne2+ 121. Kd2 Nd4 122. Ke3 Ne6 123. Be4 Nd4 124. Bg6 Nc2+ 125. Ke4 Nd4 126. Be8 Nb3 127. Ba4 Nd4 128. Bd1 Nc6 129. Bg4 Nd4 130. Bd1 1/2-1/2


[Site "https://www.chess.com"]

[Event "Titled Tuesday Blitz March 07 Early 2023"]
[White "Perez Ponsa, Federico"]
[Black "Zacurdajev, Dmitry"]
[WhiteFideId "117927"]
[BlackFideId "4196309"]
[WhiteElo "2592"]
[BlackElo "2179"]
[Result "1-0"]
[Round "01"]
[TimeControl "180+2"]
[Date "2023.03.07"]
[WhiteClock "0:00:15"]
[BlackClock "0:00:05"]

1. e4 c6 2. Nf3 d5 3. Nc3 Bg4 4. h3 Bxf3 5. Qxf3 e6 6. Be2 Nf6 7. O-O Be7 8. d4 dxe4 9. Qe3 Nbd7 10. Nxe4 Nxe4 11. Qxe4 Nf6 12. Qe3 O-O 13. c3 Rc8 14. Qf3 Qb6 15. a4 c5 16. a5 Qb3 17. a6 bxa6 18. Bxa6 Rb8 19. Ra3 Qd5 20. Qxd5 Nxd5 21. dxc5 Bxc5 22. Ra2 Rfd8 23. Re1 h6 24. Kf1 Rb6 25. Be2 Rbd6 26. Bf3 Bb6 27. Ke2 g5 28. g3 f5 29. Rh1 Kf7 30. h4 g4 31. Bg2 h5 32. Bg5 Rb8 33. Rd1 Bc5 34. Bxd5 Rxd5 35. Rxd5 exd5 36. Be3 Bxe3 37. Kxe3 Rb7 38. Kd4 Ke6 39. b4 f4 40. Re2+ Kd6 41. Re5 fxg3 42. fxg3 Rf7 43. Rxd5+ Kc6 44. Rc5+ Kb6 45. Rxh5 Rf3 46. Kc4 Rxg3 47. Rh6+ Kb7 48. Rg6 Kc7 49. h5 Rh3 50. h6 g3 51. Kb5 g2 52. Rg7+ Kb8 53. c4 Rxh6 54. Rxg2 a6+ 55. Kc5 Rh5+ 56. Kb6 Rh6+ 57. Ka5 Kb7 58. Rg7+ Kb8 59. Rd7 Rg6 60. c5 Rh6 61. Rd6 Rxd6 62. cxd6 Kb7 63. d7 Kc7 64. Kxa6 Kxd7 65. b5 1-0


[Site "https://www.chess.com"]

[Event "Titled Tuesday Blitz March 07 Early 2023"]
[White "Gheorghiu, Calin"]
[Black "Rustemov, Alexander"]
[WhiteFideId "1200305"]
[BlackFideId "4119002"]
[WhiteElo "2223"]
[BlackElo "2890"]
[Result "0-1"]
[Round "01"]
[TimeControl "180+2"]
[Date "2023.03.07"]
[WhiteClock "0:00:04"]
[BlackClock "0:00:20"]

1. e4 e6 2. d4 d5 3. e5 c5 4. c3 Qb6 5. Nf3 Bd7 6. Bd3 cxd4 7. O-O Nc6 8. Re1 Nge7 9. a3 Rc8 10. h4 h6 11. h5 a6 12. b4 dxc3 13. Nxc3 Nxb4 14. Na4 Bxa4 15. Qxa4+ Nbc6 16. Rb1 Qa5 17. Qg4 b5 18. Re2 Qc3 19. Rd2 Nxe5 20. Nxe5 Qxe5 21. Bb2 Qg5 22. Qe2 Nc6 23. Rc1 Bd6 24. Rdc2 Kd7 25. Bxb5 axb5 26. Qxb5 Rhd8 27. Rxc6 Rxc6 28. Rxc6 Ke7 29. a4 Qxh5 30. g4 Qxg4+ 31. Kf1 Rd7 32. a5 Qh3+ 33. Ke2 Qg4+ 34. Kf1 Qd1+ 35. Kg2 f6 36. a6 Qg4+ 37. Kf1 e5 38. a7 Rxa7 39. Rxd6 Kxd6 40. Qb6+ Ke7 41. Qxa7+ Qd7 42. Qc5+ Kf7 43. Qe3 Qf5 44. Qa7+ Kg6 45. Qa8 Qb1+ 46. Kg2 Qxb2 47. Qxd5 Qd4 48. Qf3 Qf4 49. Qd3+ Qf5 50. Qd8 Kh7 51. Qe8 h5 52. Qf7 Qg6+ 53. Qxg6+ Kxg6 0-1


[Site "https://www.chess.com"]

[Event "Titled Tuesday Blitz March 07 Early 2023"]
[White "Madaminov, Mukhiddin"]
[Black "Bowden, Karl"]
[WhiteFideId "14210703"]
[BlackFideId "400548"]
[WhiteElo "2511"]
[BlackElo "2448"]
[Result "1-0"]
[Round "01"]
[TimeControl "180+2"]
[Date "2023.03.07"]
[WhiteClock "0:00:32"]
[BlackClock "0:00:15"]

1. d4 Nf6 2. Nc3 d5 3. Bf4 g6 4. Qd2 c6 5. Nf3 b5 6. a3 a5 7. Ne5 Bb7 8. f3 Nbd7 9. e3 Bg7 10. g4 Nb6 11. b3 O-O 12. Be2 a4 13. O-O axb3 14. cxb3 Nfd7 15. Nd3 f6 16. Bg3 e5 17. Nc5 Bc8 18. Ne6 Qe7 19. Nxf8 Bxf8 20. a4 bxa4 21. Nxa4 Rb8 22. Rfc1 Bb7 23. Nxb6 Nxb6 24. Qa5 Nd7 25. Re1 Qd6 26. Qc3 Bc8 27. Ra7 Bh6 28. h4 Bg7 29. Rc1 Bb7 30. Kf2 Qc7 31. Qa5 Qd6 32. b4 Bf8 33. b5 cxb5 34. Qxb5 Bc8 35. Qc6 Bb7 36. Qxd6 Bxd6 37. Rb1 1-0


[Site "https://www.chess.com"]

[Event "Titled Tuesday Blitz March 07 Early 2023"]
[White "Fiedorek, Michal"]
[Black "Ozen, Bahadir"]
[WhiteFideId "1199528"]
[BlackFideId "6337058"]
[WhiteElo "2135"]
[BlackElo "2503"]
[Result "1/2-1/2"]
[Round "01"]
[TimeControl "180+2"]
[Date "2023.03.07"]
[WhiteClock "0:00:15"]
[BlackClock "0:00:38"]

1. Nf3 Nf6 2. g3 d5 3. Bg2 c6 4. O-O Bg4 5. b3 Nbd7 6. h3 Bh5 7. Bb2 e6 8. d3 Bc5 9. Nbd2 O-O 10. c4 Qe7 11. Rc1 a5 12. Qc2 Rfc8 13. Rfe1 Bg6 14. e4 dxe4 15. dxe4 Ba3 16. Nh4 Bxb2 17. Qxb2 Nc5 18. Nxg6 hxg6 19. e5 Nfd7 20. Qc3 Rd8 21. Ne4 Nxe4 22. Bxe4 Nc5 23. Bb1 Qd7 24. a3 Qd4 25. Qxd4 Rxd4 26. b4 axb4 27. axb4 Na6 28. b5 Nc5 29. Red1 Rad8 30. Rxd4 Rxd4 31. Kf1 g5 32. Ke2 g6 33. Rd1 Rxd1 34. Kxd1 Nd7 35. f4 gxf4 36. gxf4 g5 37. fxg5 Nxe5 38. Be4 Nxc4 39. bxc6 bxc6 40. Bxc6 Kg7 41. Be4 Nd6 42. Bd3 f6 43. gxf6+ Kxf6 44. Ke2 Kg5 45. Ke3 e5 46. Bf1 Kf6 47. h4 Nf5+ 48. Ke4 Nxh4 49. Bh3 Ng6 50. Bg4 Nf4 51. Bf3 Ne6 52. Bg4 Ng5+ 53. Ke3 Ke7 54. Bf5 Kd6 55. Be4 Kc5 56. Bf5 Kd5 57. Bc2 Kd6 58. Bf5 Nf7 59. Bg6 Nd8 60. Bf5 Nc6 61. Be4 Na5 62. Bd3 Kc5 63. Bf5 Nc4+ 64. Ke4 Kd6 65. Bg4 Nd2+ 66. Ke3 Nb3 67. Bd1 Nc5 68. Bc2 Kd5 69. Bb1 Kc4 70. Ba2+ Kc3 71. Bb1 Kb4 72. Be4 Kc4 73. Bb1 Kd5 74. Ba2+ Kd6 75. Bb1 Ne6 76. Be4 Nd4 77. Bb1 Ke6 78. Be4 Kf6 79. Bd3 Nf5+ 80. Bxf5 Kxf5 81. Kf3 Kf6 82. Ke4 Ke6 83. Ke3 Kd5 84. Kd3 e4+ 85. Ke3 Ke5 86. Ke2 Kf5 87. Ke3 Ke5 88. Ke2 Kd4 89. Kd2 e3+ 90. Ke2 Ke4 91. Ke1 Kd5 92. Ke2 Kd4 93. Ke1 Ke4 94. Ke2 Kf4 95. Ke1 Kf3 96. Kf1 e2+ 97. Ke1 Ke3 1/2-1/2


[Site "https://www.chess.com"]

[Event "Titled Tuesday Blitz March 07 Early 2023"]
[White "Volkov, Sergey"]
[Black "Aarav Dengla"]
[WhiteFideId "4122763"]
[BlackFideId "45059756"]
[WhiteElo "2401"]
[BlackElo "2285"]
[Result "1-0"]
[Round "01"]
[TimeControl "180+2"]
[Date "2023.03.07"]
[WhiteClock "0:01:53"]
[BlackClock "0:00:41"]

1. d4 d5 2. c4 e6 3. Nc3 a6 4. e3 Nf6 5. Nf3 Be7 6. b3 O-O 7. Bb2 b6 8. Bd3 Bb7 9. O-O c5 10. cxd5 cxd4 11. Nxd4 Nxd5 12. Qf3 Nc6 13. Nxd5 exd5 14. Nf5 Bf6 15. Nh6+ gxh6 16. Bxf6 Ne5 17. Qg3+ Ng6 18. Bxd8 Rfxd8 19. h4 h5 20. f4 Kf8 21. f5 Ne7 22. Qg5 1-0


[Site "https://www.chess.com"]

[Event "Titled Tuesday Blitz March 07 Early 2023"]
[White "Mazurkiewicz, Michal"]
[Black "Zakhartsov, Vladimir"]
[WhiteFideId "1124943"]
[BlackFideId "4145097"]
[WhiteElo "2054"]
[BlackElo "2521"]
[Result "0-1"]
[Round "01"]
[TimeControl "180+2"]
[Date "2023.03.07"]
[WhiteClock "0:00:11"]
[BlackClock "0:00:14"]

1. e4 c5 2. Nf3 d6 3. g3 Nf6 4. d3 g6 5. Bg2 Bg7 6. O-O O-O 7. Re1 Nc6 8. e5 dxe5 9. Nxe5 Nxe5 10. Rxe5 Qc7 11. Bf4 Qb6 12. Nc3 Qxb2 13. Rxc5 Nd7 14. Rc7 e5 15. Be3 Qa3 16. Rb1 Qd6 17. Bxb7 Qxc7 18. Bxa8 Qxc3 19. Bg2 Qa5 20. c4 Nb6 21. c5 Na4 22. Bd2 Qa6 23. Qc2 Be6 24. Rb4 Nxc5 25. Qxc5 Qxd3 26. Qe3 Qa6 27. a4 Rd8 28. Bf1 Qd6 29. Rb2 e4 30. Bb4 Qd1 31. Rd2 Rxd2 32. Qxd2 Qxd2 33. Bxd2 Bd4 34. Be3 Bxe3 35. fxe3 Kg7 36. Kf2 Kf6 37. a5 Ke5 38. h4 h5 39. Ke1 Kd5 40. Kd2 Kc5 41. Kc3 f6 42. a6 g5 43. hxg5 fxg5 44. Bg2 Bf5 45. Kd2 h4 46. gxh4 gxh4 47. Kc3 h3 48. Bh1 Kd5 49. Kb4 Bg4 50. Kc3 Bf3 0-1


[Site "https://www.chess.com"]

[Event "Titled Tuesday Blitz March 07 Early 2023"]
[White "Zhigalko, Sergei"]
[Black "Huber, Benedikt"]
[WhiteFideId "13502956"]
[BlackFideId "12923583"]
[WhiteElo "2626"]
[BlackElo "2199"]
[Result "1-0"]
[Round "01"]
[TimeControl "180+2"]
[Date "2023.03.07"]
[WhiteClock "0:02:29"]
[BlackClock "0:01:40"]

1. e4 c5 2. Nf3 e6 3. c3 Nf6 4. e5 Nd5 5. Bc4 Nc6 6. d4 cxd4 7. cxd4 d6 8. O-O Be7 9. Bd2 O-O 10. Nc3 Nxc3 11. Bxc3 b6 12. Qe2 Bb7 13. a3 Rc8 14. Bd3 dxe5 15. dxe5 Bc5 16. Rad1 Qc7 17. Bxh7+ Kxh7 18. Ng5+ Kg6 19. Qg4 f5 20. exf6 1-0


[Site "https://www.chess.com"]

[Event "Titled Tuesday Blitz March 07 Early 2023"]
[White "Fawzy, Adham"]
[Black "Galchenko, Matvey"]
[WhiteFideId "10613129"]
[BlackFideId "24175480"]
[WhiteElo "2539"]
[BlackElo "2404"]
[Result "1-0"]
[Round "01"]
[TimeControl "180+2"]
[Date "2023.03.07"]
[WhiteClock "0:00:10"]
[BlackClock "0:00:20"]

1. e4 e6 2. d4 d5 3. Nd2 a6 4. Ngf3 Nf6 5. e5 Nfd7 6. Bd3 c5 7. c3 Nc6 8. O-O g5 9. Nb3 h6 10. Nxc5 Nxc5 11. dxc5 Bxc5 12. Re1 Qc7 13. b4 Bf8 14. h3 Bg7 15. Qe2 Bd7 16. a4 Rc8 17. Bd2 Ne7 18. Nd4 Ng6 19. Bxg6 fxg6 20. Qd3 Kf7 21. Re3 Bxe5 22. Rae1 Bxd4 23. Qxd4 Rhf8 24. h4 gxh4 25. Rf3+ Kg8 26. Bxh6 e5 27. Qxd5+ Kh7 28. Bxf8 1-0


[Site "https://www.chess.com"]